 Dungeon Crawl Stone Soup version 0.31.0-11-ge490571c62 (webtiles) character file.

Game seed: 2778400403978013240

5302 qw the Nimble (level 10, -2/50 HPs)
             Began as a Spriggan Hunter on Feb 4, 2024.
             Was an Elder of Okawaru.
             Slain by a killer bee (3 damage)
             ... on level 9 of the Dungeon.
             The game lasted 00:00:42 (7000 turns).

qw the Nimble (Spriggan Hunter)                     Turns: 7000, Time: 00:00:43

Health: -2/50      AC:  2    Str:  7    XL:     10   Next: 37%
Magic:  15/15      EV: 28    Int: 12    God:    Okawaru [****..]
Gold:   279        SH:  0    Dex: 22    Spells: 9/9 levels left

rFire   + . .        p - +0 orcbow
rCold   + + .        (shield currently unavailable)
rNeg    . . .        c - +0 robe
rPois   .            (helmet restricted)
rElec   .            h - scarf {rC+ rF+}
rCorr   .            (gloves unavailable)
SInv    +            (boots unavailable)
Will    ++...        b - amulet of regeneration
Stlth   ++           e - ring of protection from cold
HPRegen 1.08/turn    i - ring of willpower
MPRegen 0.14/turn

%: no passive effects
@: very quick
A: very small, no large weapons, unfitting armour, see invisible, speed 3
a: Renounce Religion, Heroism, Finesse


You were on level 9 of the Dungeon.
You worshipped Okawaru.
Okawaru was greatly pleased with you.
You visited 2 branches of the dungeon, and saw 10 of its levels.

You collected 461 gold pieces.
You spent 182 gold pieces at shops.


Innate Abilities, Weirdness & Mutations

You are very small and have problems with some larger weapons.
You are too small for most types of armour.
You have supernaturally acute eyesight. (SInv)
You cover ground extremely quickly. (Speed+++)


   Skills:
 - Level 4.2 Fighting
 - Level 11.0 Ranged Weapons
 + Level 11.9 Dodging
 - Level 1.5 Stealth
 + Level 5.6 Invocations


You had 9 spell levels left.
You didn't know any spells.
Your spell library was empty.

Inventory:

Hand Weapons
 p - a +0 orcbow (weapon)
Armour
 c - a +0 robe (worn)
 d - a +0 cloak
 h - a scarf of resistance (worn)
Jewellery
 b - an amulet of regeneration (around neck)
 e - a ring of protection from cold (left hand)
 i - a ring of willpower (right hand)
 j - a ring of ice
Wands
 g - a wand of mindburst (15)
 l - a wand of roots (8)
Scrolls
 o - a scroll of identify
Potions
 a - a potion of magic
 k - 3 potions of enlightenment
 m - 5 potions of curing
 n - 3 potions of mutation
 r - a potion of resistance

Dungeon Overview and Level Annotations

Branches:
Dungeon (9/15)             Temple (1/1) D:4            Lair (0/5) D:8
    Orc: D:9-12

Altars:
Ashenzari
Cheibriados
Dithmenos
Elyvilon
Fedhas
Gozag
Hepliaklqana
Kikubaaqudgha
Makhleb
Nemelex Xobeh
Okawaru
Qazlal
Ru
Sif Muna
Trog
Uskayaw
Vehumet
Wu Jian
Xom
Yredelemnul
Zin
The Shining One

Shops:
D:4 !

Portals:
Bailey: D:7

Annotations:
D:5 2 transporters, qw's ghost, novice GrHu


Message History

The killer bee stings you!
You are poisoned.
The killer bee poisons you!
A yak comes into view.
The killer bee misses you.
You shoot an arrow. The arrow barely misses the killer bee.
You feel sick. The killer bee completely misses you.
The centaur unwields a +0 shortbow.
The centaur completely misses you. x2
The killer bee misses you.
You shoot an arrow.
The arrow completely misses the killer bee.
You feel sick. The killer bee completely misses you. The centaur misses you.
The centaur barely misses you. The killer bee completely misses you.
You shoot an arrow.
The arrow hits the killer bee but does no damage.
The killer bee is heavily wounded.
You feel sick. The centaur misses you. The centaur completely misses you.
The killer bee stings you. The centaur misses you.
The centaur kicks you but does no damage.
The killer bee barely misses you.
You shoot an arrow. The arrow barely misses the killer bee.
You feel sick. The killer bee completely misses you.
The centaur completely misses you. The centaur closely misses you.
You shoot an arrow. The arrow misses the killer bee.
You feel sick. The killer bee stings you! The centaur hits you.
The centaur barely misses you. The killer bee misses you.
You shoot an arrow. The arrow misses the killer bee.
The arrow hits the yak!
The yak is heavily wounded.
You feel sick. The killer bee stings you! The centaur hits you.
The centaur kicks you. The killer bee barely misses you.
The centaur closely misses you. x2
A yak comes into view.
6999 ||| RETREEEEATING.
You feel sick.
You shoot an arrow. The arrow hits the killer bee.
The killer bee is severely wounded.
You feel sick.
You are no longer poisoned.
The killer bee misses you. The killer bee stings you.
You die...

#.# #.# #.# .
#.# .. #.# ...
#.# .).. #.#
...Y.
#.######......
#...<@yY...%..
#.....c.......
#.............
########......
...... ..####
.# .#


You could see 2 yaks, a centaur and a killer bee.

Vanquished Creatures
  Joseph (D:8)
  A rime drake (D:8)
  A polar bear (D:8)
  Sigmund (D:3)
  A wraith (D:9)
  A wyvern (D:8)
  A steam dragon (D:7)
  An acid dragon (D:7)
  2 water moccasins
  Duvessa (D:5)
  2 orc warriors (D:6)
  2 black bears
  6 ice beasts
  2 sky beasts
  2 wolves (D:8)
  4 ogres
  A centaur (D:8)
  A phantom (D:6)
  2 kobold brigands
  3 bullfrogs
  3 wights (D:8)
  Dowan (D:5)
  2 killer bees (D:9)
  2 howler monkeys
  5 hounds
  3 bombardier beetles
  3 orc priests
  A gnoll bouda (D:6)
  3 sleepcaps
  3 iguanas
  9 orc wizards
  4 gnolls (D:6)
  2 adders
  3 shadow imps
  2 white imps (D:6)
  2 ufetubi (D:6)
  4 dart slugs
  2 ribbon worms
  42 orcs
  6 bats
  6 endoplasms
  3 giant cockroaches
  10 goblins
  7 hobgoblins
  6 jackals (D:5)
  14 kobolds
  6 quokkas
  5 ball pythons
  3 frilled lizards (D:1)
  5 rats
203 creatures vanquished.

Notes
Turn   | Place    | Note
-------+----------+-------------------------------------------
     0 | D:1      | qw the Spriggan Hunter began the quest for the Orb.
     0 | D:1      | Reached XP level 1. HP: 10/10 MP: 2/2
     0 | D:1      | 0 ||| qw: Version: 0.3-a-160-g6735b56
     0 | D:1      | 0 ||| qw: Game counter: 4416
     0 | D:1      | 0 ||| qw: Melee chars always use a shield: true
     0 | D:1      | 0 ||| qw: God list: Okawaru
     0 | D:1      | 0 ||| qw: Allow faded altars: false
     0 | D:1      | 0 ||| qw: Do Orc after clearing Dungeon:15 true
     0 | D:1      | 0 ||| qw: Do second Lair branch before Depths: true
     0 | D:1      | 0 ||| qw: Lair rune preference: random
     0 | D:1      | 0 ||| qw: Goals: Normal
     0 | D:1      | 0 ||| PLANNING D:1-11
     2 | D:1      | Noticed a naga
     2 | D:1      | Noticed an elf
     4 | D:1      | Noticed a ghoul
     4 | D:1      | Noticed a djinni
     6 | D:1      | Noticed a demonspawn
     6 | D:1      | Noticed a felid
     8 | D:1      | Noticed a draconian
     8 | D:1      | Noticed an oni
    10 | D:1      | Noticed a demigod
    12 | D:1      | Noticed a tengu
    14 | D:1      | Noticed a human
    16 | D:1      | Noticed a formicid
    16 | D:1      | Noticed an octopode
    18 | D:1      | Noticed a vine stalker
    20 | D:1      | Noticed a gargoyle
    20 | D:1      | Noticed an armataur
    22 | D:1      | Noticed a spriggan
    22 | D:1      | Noticed a barachi
    24 | D:1      | Noticed a minotaur
    24 | D:1      | Noticed a merfolk
    26 | D:1      | Noticed a vampire
    26 | D:1      | Noticed a troll
    39 | D:1      | Reached skill level 3 in Dodging
    97 | D:1      | Reached XP level 2. HP: 14/14 MP: 3/3
   429 | D:1      | Reached XP level 3. HP: 18/18 MP: 4/4
   507 | D:1      | 507 ||| UPGRADING to scarf of resistance.
   512 | D:1      | 512 ||| UPGRADING to ring of protection from cold.
   513 | D:1      | 513 ||| READING scroll labelled HUMMUE ZAOFIH.
   514 | D:1      | 514 ||| READING 2 scrolls labelled QOMERCHU XYSO.
   514 | D:1      | 514 ||| IDENTIFYING scroll labelled MISYTA ETEN
   515 | D:1      | 515 ||| READING scroll of identify.
   515 | D:1      | 515 ||| IDENTIFYING scroll labelled WIPANLEUHU
   516 | D:1      | 516 ||| DROPPING scroll of butterflies.
   517 | D:1      | 517 ||| DROPPING scroll of revelation.
  1435 | D:2      | 1435 ||| READING scroll labelled FYHIYC LAOCIG.
  1436 | D:2      | 1436 ||| READING scroll labelled YNOJ PIULIFONK.
  1436 | D:2      | 1436 ||| ENCHANTING +0 shortbow.
  1437 | D:2      | 1437 ||| READING scroll labelled SIEGUESIAN.
  1508 | D:3      | Noticed Sigmund
  1516 | D:3      | Killed Sigmund
  1517 | D:3      | Reached skill level 6 in Ranged Weapons
  1517 | D:3      | Reached XP level 4. HP: 22/22 MP: 5/5
  1517 | D:3      | Reached XP level 5. HP: 25/25 MP: 6/6
  1578 | D:3      | 1578 ||| FLEEEEING.
  1579 | D:3      | 1579 ||| FLEEEEING.
  1645 | D:3      | 1645 ||| READING scroll of enchant weapon.
  1645 | D:3      | 1645 ||| ENCHANTING +1 shortbow.
  1708 | D:3      | Reached XP level 6. HP: 20/30 MP: 7/7
  1728 | D:3      | 1728 ||| FLEEEEING.
  2217 | D:3      | 2217 ||| READING scroll of identify.
  2217 | D:3      | 2217 ||| IDENTIFYING yellow potion
  2218 | D:3      | 2218 ||| READING scroll labelled ODUIRGH ETOTEDE.
  2319 | D:3      | 2319 ||| DROPPING potion of magic.
  2436 | D:4      | Found a staircase to the Ecumenical Temple.
  2437 | D:4      | 2437 ||| PLANNING TEMPLE
  2445 | Temple   | Entered the Ecumenical Temple
  2446 | Temple   | 2446 ||| PLANNING OKAWARU WORSHIP
  2454 | Temple   | Became a worshipper of Warmaster Okawaru
  2455 | Temple   | 2455 ||| PLANNING D:1-11
  2772 | D:4      | Reached skill level 6 in Dodging
  2858 | D:4      | Found Xiunet's Distillery.
  2868 | D:4      | 2868 ||| BUYING 2 potions of heal wounds (140 gold).
  2868 | D:4      | Bought 2 potions of heal wounds for 140 gold pieces
  2868 | D:4      | 2868 ||| BUYING potion of curing (42 gold).
  2868 | D:4      | Bought a potion of curing for 42 gold pieces
  2868 | D:4      | 2868 ||| SHOPLISTING potion of curing (42 gold, have 17).
  3065 | D:4      | Reached XP level 7. HP: 35/35 MP: 8/8
  3250 | D:4      | 3250 ||| READING 2 scrolls of identify.
  3250 | D:4      | 3250 ||| IDENTIFYING red potion
  3251 | D:4      | 3251 ||| READING scroll of identify.
  3251 | D:4      | 3251 ||| IDENTIFYING fuming cyan potion
  3252 | D:4      | 3252 ||| READING scroll labelled VOSHRO DOFE.
  3353 | D:4      | 3353 ||| DROPPING potion of lignification.
  3380 | D:5      | Entered Level 5 of the Dungeon
  3450 | D:5      | Noticed Dowan
  3452 | D:5      | Noticed Duvessa
  3453 | D:5      | 3453 ||| RETREEEEATING.
  3459 | D:5      | 3459 ||| RETREEEEATING.
  3466 | D:5      | HP: 7/35 [Duvessa/+0 rapier (8)]
  3467 | D:5      | 3467 ||| READING 3 scrolls of teleportation.
  3468 | D:5      | 3468 ||| DRINKING 2 potions of heal wounds.
  3545 | D:5      | Found a transporter.
  3545 | D:5      | Noticed qw's ghost (novice GrHu)
  3551 | D:5      | Found a transporter.
  3601 | D:5      | Reached * piety under Okawaru
  3628 | D:5      | Reached skill level 1 in Invocations
  3720 | D:5      | Reached XP level 8. HP: 39/39 MP: 10/10
  3956 | D:5      | HP: 4/39 [Duvessa/+0 rapier (12)]
  3957 | D:5      | 3957 ||| READING 2 scrolls of teleportation.
  3958 | D:5      | 3958 ||| DRINKING 2 potions of heal wounds.
  3959 | D:5      | Killed Duvessa
  4106 | D:5      | 4106 ||| INVOKING Heroism.
  4115 | D:5      | Killed Dowan
  4116 | D:5      | Reached skill level 3 in Fighting
  4146 | D:5      | Reached skill level 3 in Invocations
  4301 | D:5      | 4301 ||| UPGRADING to amulet of regeneration.
  4306 | D:5      | 4306 ||| READING 3 scrolls of identify.
  4306 | D:5      | 4306 ||| IDENTIFYING metallic yellow potion
  4400 | D:6      | Reached ** piety under Okawaru
  4618 | D:6      | 4618 ||| RETREEEEATING.
  4619 | D:6      | 4619 ||| RETREEEEATING.
  4620 | D:6      | 4620 ||| RETREEEEATING.
  4621 | D:6      | 4621 ||| RETREEEEATING.
  4622 | D:6      | 4622 ||| RETREEEEATING.
  4623 | D:6      | 4623 ||| RETREEEEATING.
  4624 | D:6      | 4624 ||| RETREEEEATING.
  4625 | D:6      | 4625 ||| RETREEEEATING.
  4626 | D:6      | 4626 ||| RETREEEEATING.
  4627 | D:6      | 4627 ||| RETREEEEATING.
  4629 | D:6      | 4629 ||| INVOKING Heroism.
  4631 | D:6      | 4631 ||| RETREEEEATING.
  4632 | D:6      | 4632 ||| RETREEEEATING.
  4633 | D:6      | 4633 ||| RETREEEEATING.
  4634 | D:6      | HP: 10/40 [black bear (5)]
  4635 | D:6      | 4635 ||| READING scroll of teleportation.
  4636 | D:6      | HP: 4/40 [black bear (7)]
  4637 | D:6      | 4637 ||| DRINKING potion of heal wounds.
  4712 | D:6      | Reached skill level 9 in Ranged Weapons
  4774 | D:6      | 4774 ||| INVOKING Heroism.
  4892 | D:6      | Reached skill level 9 in Dodging
  4907 | D:6      | Reached XP level 9. HP: 36/44 MP: 13/13
  5022 | D:6      | 5022 ||| UPGRADING to ring of willpower.
  5023 | D:6      | 5023 ||| READING 3 scrolls of identify.
  5023 | D:6      | 5023 ||| IDENTIFYING scroll labelled SETZETZ AQEPRA
  5024 | D:6      | 5024 ||| READING scroll of brand weapon.
  5024 | D:6      | 5024 ||| BRANDING +2 shortbow.
  5025 | D:6      | 5025 ||| READING 2 scrolls of identify.
  5025 | D:6      | 5025 ||| IDENTIFYING scroll labelled TYLULOSYULL
  5026 | D:6      | 5026 ||| DROPPING scroll of immolation.
  5286 | D:7      | Reached *** piety under Okawaru
  5643 | D:7      | Found a flagged portal.
  5936 | D:7      | 5936 ||| READING scroll of identify.
  5936 | D:7      | 5936 ||| IDENTIFYING bubbling white potion
  5937 | D:7      | 5937 ||| READING scroll labelled ATOIPSINOY.
  5937 | D:7      | Identified a scroll of acquirement
  5937 | D:7      | 5937 ||| ACQUIRING +4 shortbow of flaming
  5937 | D:7      | Acquired a +4 shortbow of flaming
  5939 | D:7      | 5939 ||| SWAPPING to +4 shortbow of flaming.
  5940 | D:7      | 5940 ||| DROPPING +2 shortbow of freezing.
  5941 | D:7      | 5941 ||| READING scroll labelled XUIGGANIBU.
  5942 | D:7      | 5942 ||| READING scroll labelled QIMEBU IDOMAL.
  5993 | D:8      | Noticed a rime drake
  5995 | D:8      | 5995 ||| RETREEEEATING.
  5995 | D:8      | Noticed Joseph
  5995 | D:8      | Noticed a polar bear
  5996 | D:8      | 5996 ||| INVOKING Heroism.
  6006 | D:8      | Killed a rime drake
  6006 | D:8      | Reached **** piety under Okawaru
  6020 | D:8      | 6020 ||| INVOKING Finesse.
  6022 | D:8      | Killed a polar bear
  6028 | D:8      | HP: 4/45 [Joseph/sling bullet (17)]
  6029 | D:8      | 6029 ||| DRINKING potion of heal wounds.
  6032 | D:8      | Killed Joseph
  6033 | D:8      | Reached XP level 10. HP: 39/50 MP: 8/14
  6094 | D:8      | 6094 ||| RETREEEEATING.
  6095 | D:8      | 6095 ||| RETREEEEATING.
  6095 | D:8      | Found a staircase to the Lair.
  6096 | D:8      | 6096 ||| RETREEEEATING.
  6097 | D:8      | 6097 ||| RETREEEEATING.
  6098 | D:8      | 6098 ||| RETREEEEATING.
  6190 | D:8      | 6190 ||| SWAPPING to +0 orcbow.
  6191 | D:8      | 6191 ||| DROPPING +4 shortbow of flaming.
  6272 | D:8      | Found a snail-covered altar of Cheibriados.
  6349 | D:8      | HP: 4/45 [wight/+3 flail (8)]
  6689 | D:8      | Found a sparkling altar of Nemelex Xobeh.
  6690 | D:8      | Found a stormy altar of Qazlal.
  6874 | D:9      | 6874 ||| INVOKING Finesse.
  6998 | D:9      | HP: 9/50 [killer bee (8)]
  6998 | D:9      | HP: 3/50 [centaur (6)]
  6998 | D:9      | HP: 1/50 [centaur (2)]
  6999 | D:9      | 6999 ||| RETREEEEATING.
  7000 | D:9      | Slain by a killer bee

Levels and vault maps discovered:
D:1:      kb_arrival_jail, layout_basic, minmay_misc_feat_five
D:2:      layout_basic, ebering_dispersal_statue_hall,
          chequers_serial_rivers_micro_a, minmay_misc_feat_alley
D:3:      layout_loops_ring, kennysheep_doodads, st_stairs_3,
          minmay_fractal_squares_diagonal_5, uniq_sigmund
D:4:      nicolae_cairo_tiling_large_dashed, layout_gridville,
          minmay_temple_entry_glass, serial_shops, shop, serial_bayou,
          serial_bayou_shore_a, serial_bayou_pond_a, serial_bayou_ford_a,
          serial_bayou_pond_a, chequers_serial_rivers_room_b
D:5:      layout_basic, gammafunk_ghost_arena, uniq_duvessa
D:6:      layout_gridville
D:7:      layout_basic, enter_bailey_4
D:8:      layout_loops_ring, nicolae_overflow_hidden_temple,
          hellmonk_lair_entry_icy, uniq_joseph
D:9:      layout_long_grid, feat_on_display
Temple:   hellmonk_temple_of_storms

Skill      XL: |  1  2  3  4  5  6  7  8  9 10 |
---------------+-------------------------------+-----
Dodging        | 3 4 6 7 9 11 | 11.9
Ranged Weapons | 6 8 9 10 11 | 11.0
Fighting       | 2 3 4 |  4.2
Invocations    | 2 4 5 |  5.6
Stealth        | |  1.5

Action                     |  1- 3 |  4- 6 |  7- 9 | 10-12 || total
---------------------------+-------+-------+-------+-------++-------
   Fire: Shortbow          |   114 |   117 |   472 |    39 ||   742
         Orcbow            |       |       |       |    85 ||    85
 Invoke: Heroism           |       |       |     4 |       ||     4
         Finesse           |       |       |     1 |     1 ||     2
    Use: Scroll            |     6 |     3 |    14 |       ||    23
         Potion            |       |       |     4 |       ||     4
 Armour: Robe              |    13 |    23 |    64 |    24 ||   124
  Dodge: Dodged            |    42 |    63 |   259 |    95 ||   459

Table legend:
 A = Non-vault XP
 B = Vault XP
 C = Vault XP percentage of total XP
 D = Non-vault monster count
 E = Vault monster count
 F = Vault count percentage of total count
                 A         B        C        D         E       F
            +---------+---------+-------+---------+---------+-------
      Total |    5006 |    2569 |  33.9 |     176 |      27 |  13.3
            +---------+---------+-------+---------+---------+-------
        D:1 |      45 |       0 |   0.0 |      25 |       0 |   0.0
        D:2 |      25 |       0 |   0.0 |      14 |       0 |   0.0
        D:3 |     113 |     308 |  73.2 |      17 |      10 |  37.0
        D:4 |     291 |       0 |   0.0 |      12 |       0 |   0.0
        D:5 |     706 |     214 |  23.3 |      18 |       2 |  10.0
        D:6 |    1262 |       0 |   0.0 |      46 |       0 |   0.0
        D:7 |    1313 |      11 |   0.8 |      25 |       5 |  16.7
        D:8 |     913 |    2036 |  69.0 |      16 |      10 |  38.5
        D:9 |     338 |       0 |   0.0 |       3 |       0 |   0.0
            +---------+---------+-------+---------+---------+-------
